AoeStats
← GeneralFailure

MegaRandom

505612878Analyzed
4v4 RM · 21d ago on Sep 10, 2026· 33m 17s· 8 players
Game mode
Random Map
Map size
Large (8 player)
Population
200
Speed
Normal
Resources
Standard
Victory
Conquest
Starting age
Dark Age
Ending age
Imperial Age
RankedLock teamsTeams togetherTeam positionsShared explorationLock speedFull tech treeHidden civsTurbo modeCheats
Victory
Defeat
🇨🇳 Japanese · China
1332
+10
🇭🇰 Franks · Hong Kong SAR China
1299
+11
🇨🇳 Tupi · China
1195
+15
🇳🇴 Cumans · Norway
1217
-15
🇷🇴 Malians · Romania
1199
-15
🇸🇮 Britons · Slovenia
1164
-13
🇨🇳 Inca · China
1130
-12
GeneralFailure
11:53 Feudal Age
11:52 Loom
18:31 Castle Age
20:29 Scale Barding Armor
22:08 Double-Bit Axe
MCMLXX
1:59 Loom
11:35 Feudal Age
17:16 Double-Bit Axe
22:30 Castle Age
20:59 Gold Mining
21:14 Fletching
21:48 Stone Mining
24:36 Bow Saw
Globox
9:44 Feudal Age
10:19 Double-Bit Axe
11:46 Loom
13:19 Horse Collar
19:46 Wheelbarrow
20:08 Bloodlines
23:47 Castle Age
22:44 Scale Barding Armor
22:50 Forging
25:03 Chain Barding Armor
25:19 Iron Casting
26:15 Bow Saw
26:09 Heavy Plow
26:26 Capped Ram
WING123456
7:36 Loom
10:17 Feudal Age
11:34 Double-Bit Axe
13:20 Horse Collar
14:27 Forging
13:43 Champi Runner
14:51 Arson
16:28 Scale Mail Armor
17:49 Gold Mining
22:41 Castle Age
22:51 Champi Warrior
24:10 Iron Casting
24:02 Squires
24:20 Chain Mail Armor
26:20 Bow Saw
30:04 Wheelbarrow
31:25 Heavy Plow
35:05 Imperial Age
_TY_梦涯
5:29 Loom
11:12 Feudal Age
12:33 Wheelbarrow
11:45 Double-Bit Axe
11:27 Man-at-Arms
14:58 Fletching
15:22 Forging
21:30 Castle Age
20:01 Fishing Lines
21:21 Scale Mail Armor
22:11 Fletching
23:49 Bodkin Arrow
24:23 Gold Mining
25:44 Stone Mining
26:18 Bow Saw
27:03 Long Swordsman
30:42 Husbandry
30:52 Bloodlines
30:25 Horse Collar
31:24 Thumb Ring
32:21 Ballistics
31:42 Treadmill Crane
32:48 Murder Holes
Kitasan Black
10:04 Feudal Age
10:26 Champi Runner
16:31 Double-Bit Axe
17:26 Loom
20:16 Horse Collar
22:39 Castle Age
22:45 Horse Collar
24:55 Fletching
26:41 Bodkin Arrow
27:36 Pikeman
28:51 Squires
29:39 Wheelbarrow
30:12 Padded Archer Armor
31:32 Hand Cart
33:02 Scale Mail Armor
我想给自己改个简单又不重复的名字
4:46 Loom
12:06 Feudal Age
10:22 Loom
16:10 Castle Age
14:48 Double-Bit Axe
16:58 Town Watch
18:33 Wheelbarrow
19:34 Bow Saw
23:16 Hand Cart
28:20 Imperial Age
25:49 Gold Mining
26:38 Scale Barding Armor
26:43 Forging
26:33 Fishing Lines
28:03 Gold Shaft Mining
27:58 Chain Barding Armor
28:23 Husbandry
28:25 Cavalier
29:43 Conscription
30:18 Plate Barding Armor
30:29 Iron Casting
30:05 Paladin
31:38 Chivalry
_TY_Power
13:32 Feudal Age
12:08 Loom
14:06 Fishing Lines
14:27 Double-Bit Axe
15:45 Fletching
19:54 Castle Age
20:24 Scale Barding Armor
20:29 Forging
21:02 Husbandry
22:16 Gold Mining
24:05 Chain Barding Armor
24:20 Iron Casting
25:51 Bow Saw
29:22 Gold Shaft Mining
32:11 Stone Mining
33:05 Wheelbarrow
Connection lost

Rejoining the realm…

Still unreachable

The connection could not be restored.

Session expired

The server has moved on; the page needs a fresh start.